 Dungeon Crawl Stone Soup version 0.13-a0-1536-gedae9ec (webtiles) character file.

432 Kae the Sneak (level 5, -5/24 HPs)
             Began as a Spriggan Enchanter on June 9, 2013.
             Slain by a centaur (9 damage)
             ... while paralysed by a giant eyeball
             ... on Level 4 of the Dungeon.
             The game lasted 00:04:28 (3911 turns).

Kae the Sneak (Spriggan Enchanter)                  Turns: 3911, Time: 00:04:28

HP  -5/24        AC  6     Str  5      XL: 5   Next: 62%
MP  14/16        EV  4     Int 17      God:
Gold 215         SH  0     Dex 16      Spells:  2 memorised,  7 levels left

Res.Fire  : . . .   See Invis. : +   a - +1 dagger {=f}
Res.Cold  : . . .   Warding    : .   b - +1 robe
Life Prot.: . . .   Conserve   : .   (shield restricted)
Res.Poison: .       Res.Corr.  : .   (helmet restricted)
Res.Elec. : .       Clarity    : .   x - +2 cloak
Sust.Abil.: . .     Spirit.Shd : .   (gloves unavailable)
Res.Mut.  : .       Stasis     : .   (boots unavailable)
Res.Rott. : .       Flight     : .   (no amulet)
Saprovore : . . .                    (no ring)
                                     (no ring)

@: paralysed, very quick, somewhat resistant to hostile enchantments, quite
stealthy
A: unfitting armour, see invisible, herbivore 3, speed 3, slow metabolism 2
a: no special abilities


You were on level 4 of the Dungeon.
You were not hungry.

You visited 1 branch of the dungeon, and saw 4 of its levels.

You collected 195 gold pieces.

Inventory:

Hand weapons
 a - a +1,+1 dagger (weapon) {=f}
Missiles
 d - 12 darts (quivered)
Armour
 b - a +1 robe (worn)
 x - a +2 cloak (worn)
Magical devices
 u - a wand of enslavement (11) {unknown}
 w - a wand of frost (12) {unknown}
Comestibles
 A - a bread ration
Scrolls
 e - a scroll of blinking {unknown}
 h - 2 scrolls of amnesia {unknown}
 k - 2 scrolls of teleportation {unknown}
 l - 6 scrolls of identify {unknown}
 n - 2 scrolls of fog {unknown}
 v - 3 scrolls of recharging {unknown}
 y - 2 scrolls of enchant weapon II {unknown}
 z - 2 scrolls of noise {unknown}
 C - a scroll of random uselessness {unknown}
 E - a scroll of enchant weapon I {unknown}
Jewellery
 f - an uncursed amulet of stasis {unknown}
 j - a +3 ring of intelligence {unknown}
 q - a +2 ring of intelligence {unknown}
 D - a +0,+9 ring of slaying {unknown}
Potions
 g - 5 potions of curing
 i - a potion of restore abilities {unknown}
 m - a potion of confusion {unknown}
 o - a potion of brilliance {unknown}
 p - a potion of speed {unknown}
 r - a potion of mutation {unknown}
 s - a potion of paralysis {unknown}
 t - 3 potions of heal wounds {unknown}
 B - 2 potions of flight {unknown}
Books
 c - a book of Maledictions

   Spells                             Type                      Level
   *Corona                            Hexes                        1
   Sure Blade                         Hexes/Charms                 2
   *Ensorcelled Hibernation           Hexes/Ice                    2
   Confuse                            Hexes                        3
   Enslavement                        Hexes                        4
   Invisibility                       Hexes                        6


   Skills:
 + Level 3.2 Short Blades
 - Level 1.1 Throwing
 - Level 3.0 Dodging
 + Level 5.4 Stealth
 + Level 3.3 Spellcasting
 + Level 4.8 Hexes


You had 7 spell levels left.
You knew the following spells:

 Your Spells              Type           Power        Failure   Level  Hunger
a - Corona                Hex            ###....      2%          1    None
b - Ensorcelled Hibernat  Hex/Ice        ##....       12%         2    ##.....


Dungeon Overview and Level Annotations

Branches:
Dungeon (4/27)
 Temple: D:4-7

Altars:
Cheibriados


Innate Abilities, Weirdness & Mutations

You are tiny and cannot use many weapons and most armour.
You have supernaturally acute eyesight.
You are a herbivore.
You cover ground extremely quickly.
You need consume almost no food.


Message History

The giant eyeball is moderately wounded.
You hit the giant eyeball.
The giant eyeball is heavily wounded.
The centaur shoots an arrow of flame.
The arrow of flame misses you.
You hit the giant eyeball.
The giant eyeball is severely wounded.
The centaur shoots an arrow of flame.
The arrow of flame misses you.
Casting: Ensorcelled Hibernation
Confirm with . or Enter, or press ? or * to list all spells.
Aiming: Ensorcelled Hibernation
Press: ? - help, Shift-Dir - straight line, f - centaur
Aim: a centaur, wielding a runed bow The centaur easily resists.
The centaur unwields an uncursed runed bow.
The centaur misses you. The giant eyeball stares at you.
You suddenly lose the ability to move!
The centaur hits you.
* * * LOW HITPOINT WARNING * * *
The centaur hits you!
You die...

#..........# #...
####..........####...
.....................
.......!.............
####>...............
#...............%
#.(..(...........
.!.%#####.......)........
.......c@(...............
........G........%.......
................!.......
..#####......... ...... .
#..).####. .≈. #....#
#....# #....# #...


You could see a centaur and a giant eyeball.

Vanquished Creatures
  Crazy Yiuf (D:2)
  2 orc wizards (D:3)
  Jessica (D:3)
  4 adders
  A giant mite (D:4)
  4 giant geckos
  An ooze (D:1)
  7 orcs (D:3)
  A ball python (D:1)
  2 giant cockroaches (D:1)
  6 goblins
  10 hobgoblins
  A quokka (D:3)
  4 bats (D:1)
  3 giant newts
  4 jackals (D:3)
  8 kobolds
  10 rats
  A fungus (D:2)
71 creatures vanquished.

Vanquished Creatures (others)
  A ball python (D:1)
1 creature vanquished.

Grand Total: 72 creatures vanquished

Notes
Turn   | Place    | Note
--------------------------------------------------------------
     0 | D:1      | Kae, the Spriggan Enchanter, began the quest for the Orb.
     0 | D:1      | Reached XP level 1. HP: 9/9 MP: 4/4
   325 | D:1      | Reached XP level 2. HP: 1/13 MP: 7/7
   330 | D:1      | Learned a level 2 spell: Ensorcelled Hibernation
   999 | D:1      | Found a snail-covered altar of Cheibriados.
  1058 | D:1      | Reached skill level 4 in Hexes
  1062 | D:1      | Reached XP level 3. HP: 8/16 MP: 3/9
  2380 | D:2      | Noticed Crazy Yiuf
  2386 | D:2      | Killed Crazy Yiuf
  2386 | D:2      | Reached XP level 4. HP: 21/21 MP: 9/12
  2435 | D:3      | Noticed Jessica
  2440 | D:3      | Killed Jessica
  2624 | D:3      | HP: 1/21 [poison (a needle trap)]
  3176 | D:3      | Reached XP level 5. HP: 19/24 MP: 10/15
  3239 | D:3      | Reached skill level 5 in Stealth
  3902 | D:4      | Noticed a centaur
  3910 | D:4      | Paralysed by a giant eyeball for 4 turns
  3911 | D:4      | Slain by a centaur

Action                   |  1- 3 |  4- 6 || total
-------------------------+-------+-------++-------
Melee: Dagger            |   234 |   135 ||   369
 Cast: Ensorcelled Hiber |    14 |    19 ||    33
  Use: Potion            |       |     3 ||     3
 Stab: Sleeping          |    14 |    13 ||    27
